 Dungeon Crawl Stone Soup version 0.17-a0-2069-g0f4ee5b (webtiles) character file.

133 4thArraOfDagon the Insei (level 5, -4/28 HPs)
             Began as a Vine Stalker Monk on Oct 13, 2015.
             Slain by a sky beast (5 damage)
             ... on level 6 of the Dungeon.
             The game lasted 00:04:24 (727 turns).

4thArraOfDagon the Insei (Vine Stalker Monk)         Turns: 727, Time: 00:04:24

Health: -4/28      AC:  2    Str: 14    XL:     5   Next: 16%
Magic:  0/6        EV: 13    Int: 11    God:
Gold:   54         SH:  0    Dex: 16    Spells: 0 memorised, 4 levels left

rFire  . . .     SeeInvis .       - Unarmed
rCold  . . .     Clarity  .     a - +0 robe
rNeg   . . .     SustAt   .     (no shield)
rPois  .         Gourm    .     (no helmet)
rElec  .         Spirit   +     (no cloak)
rCorr  .         Warding  .     (no gloves)
rMut   .         Stasis   .     (no boots)
MR     .....                    (no amulet)
Stlth  ++........               (no ring)
                                (no ring)

@: not resistant to hostile enchantments, unstealthy
A: fangs 2, regeneration 1, magic shield, antimagic bite, no device heal 3, rot
immunity
a: no special abilities


You were on level 6 of the Dungeon.
You were not hungry.

You visited 1 branch of the dungeon, and saw 6 of its levels.

You collected 54 gold pieces.

Inventory:

Armour
 a - a +0 robe (worn)
Scrolls
 c - a scroll of magic mapping
 e - a scroll of identify
 h - a scroll of enchant armour {unknown}
 i - a scroll of fear {unknown}
Comestibles
 b - a bread ration
 g - 3 chunks of flesh


   Skills:
 + Level 3.4 Fighting
 + Level 3.1 Dodging
 - Level 2.4 Stealth
 * Level 5.2 Unarmed Combat


You had 4 spell levels left.
You didn't know any spells.

Dungeon Overview and Level Annotations

Branches:
Dungeon (6/15)             Temple (0/1) D:6

Altars:
Dithmenos
Elyvilon
Nemelex Xobeh
Okawaru

Annotations:
D:4 asdu's ghost, amateur DEIE
D:6 Dowan; Duvessa


Innate Abilities, Weirdness & Mutations

You have extremely sharp teeth.
Your natural rate of healing is unusually fast.
When hurt, damage is shared between your health and your magic reserves.
Your bite disrupts and absorbs the magic of your enemies.
Potions and wands cannot restore your health.
You are immune to rotting.


Message History

The sky beast misses you.
Unknown command.
There is an open door here.
Unknown command.
There is an open door here.
Unknown command.
The sky beast hits you.
* * * LOW HITPOINT WARNING * * *
The sky beast shocks you.
* * * LOW HITPOINT WARNING * * *
Unknown command.
Unknown command.
Unknown command.
There is an open door here.
Unknown command.
Unknown command.
You open the door. The sky beast hits you.
* * * LOW HITPOINT WARNING * * *
The sky beast shocks you.
You die...

,,,,*,,,,,###+##...#+***+**,,,,,*
**,,*+##+##........+,,,,,,,,,,,,,
,*,,,..............#,**,,**,,,,,*
,******#...........#+**,,**,,,,,*
,+,,,,>#...........+,,+,,,,,,,,,*
,###**##...........#+***+**,,**,+
,#.##+#.....#'####..,,*,,**,,**,*
##.#..#.....'..Y.+,,,,+,,,,,,,+,*
...'..#.....#.##@#,,,,*,,**,,,*,,
...#..'....!#.##'#,,,,*+***,,**,,
...#+##.....+..+.#,,,,*,,**+***,*
...#**####..#..#.#,,,,*,,+,,,,,,*
..##*,,,*##.#.##.#,,,,*,,**,***+*
###,,,,,,,###.##.#,,,>*,,**+***,*
#*,,,,_,,,,*#.+..#,,,,*,,,,,,*,,*
#*,,,,,,,,,**,*#.#,,,,*,,,,,,+*,8
*,,,,***,,,,*+**,*,,,,+,,**,**,,,


You could see a sky beast.

Vanquished Creatures
  A hound (D:5)
  An orc priest (D:3)
  4 gnolls (D:5)
  An adder (D:3)
  An ooze (D:2)
  An adder zombie (D:5)
  2 orcs (D:3)
  2 hobgoblins
  4 jackals (D:5)
  2 kobolds (D:2)
  A ball python (D:5)
  A bat (D:1)
  A giant cockroach (D:5)
  A giant gecko (D:5)
  3 giant newts
  2 quokkas
  A rat (D:2)
29 creatures vanquished.

Notes
Turn   | Place    | Note
--------------------------------------------------------------
     0 | D:1      | 4thArraOfDagon the Vine Stalker Monk began the quest for the Orb.
     0 | D:1      | Reached XP level 1. HP: 11/11 MP: 2/2
    78 | D:2      | Reached XP level 2. HP: 11/16 MP: 3/3
   186 | D:3      | Found a white marble altar of Elyvilon.
   236 | D:3      | Reached XP level 3. HP: 6/20 MP: 1/4
   318 | D:4      | Found a sparkling altar of Nemelex Xobeh.
   320 | D:4      | Found an iron altar of Okawaru.
   340 | D:4      | Noticed asdu's ghost (amateur DEIE)
   344 | D:5      | Entered Level 5 of the Dungeon
   386 | D:5      | Reached XP level 4. HP: 20/24 MP: 3/5
   484 | D:5      | Reached skill level 5 in Unarmed Combat
   506 | D:5      | HP: 1/24 [hound (2)]
   512 | D:5      | Reached XP level 5. HP: 2/28 MP: 3/6
   545 | D:5      | Found a shadowy altar of Dithmenos.
   578 | D:5      | Noticed an ice beast
   618 | D:6      | Noticed Duvessa
   618 | D:6      | Noticed Dowan
   663 | D:6      | Noticed a sky beast
   721 | D:6      | HP: 1/28 [sky beast (4)]
   727 | D:6      | HP: 1/28 [sky beast (2)]
   727 | D:6      | Slain by a sky beast

Vault maps used:
D:1:      lightli_arrival_boilingwater, minmay_strange_pillars
D:2:      uniq_crazy_yiuf_cottage
D:3:      zin_academy, old_standard_altar, elyvilon_altar_5
D:4:      grunt_temple_overflow_open, first_bread
D:5:      grunt_dithmenos_smoke_and_mirrors, st_stairs_12
D:6:      lemuel_upstairs_altar, grunt_temple_overflow_growth_and_decay,
          tgw_trog, minmay_temple_entry_statues_pillars, uniq_duvessa

Action                   |  1- 3 |  4- 6 || total
-------------------------+-------+-------++-------
Melee: Unarmed           |    48 |    51 ||    99
  Use: Scroll            |       |     4 ||     4
 Stab: Sleeping          |     3 |       ||     3
